 Dungeon Crawl Stone Soup version 0.21-a0-184-g9126a74 (webtiles) character file.

876 ZappyNine the Skirmisher (level 8, -15/60 HPs)
             Began as a Formicid Chaos Knight on Aug 12, 2017.
             Demolished by tehllama's ghost (17 damage)
             ... on level 4 of the Dungeon.
             The game lasted 00:05:38 (3307 turns).

ZappyNine the Skirmisher (Formicid Chaos Knight)    Turns: 3307, Time: 00:05:39

Health: -15/60     AC:  6    Str: 14 (17) XL:     8   Next: 25%
Magic:  8/8        EV: 16    Int:  9 (12) God:    Xom [..*...]
Gold:   214        SH:  6    Dex: 15 (17) Spells: 7/7 levels left

rFire    . . .     SeeInvis +   a - +0 hand axe (chaos)
rCold    + . .     Gourm    .   v - +2 buckler
rNeg     . . .     Faith    .   b - +3 leather armour
rPois    .         Spirit   .   (helmet unavailable)
rElec    .         Reflect  .   (no cloak)
rCorr    .         Harm     .   (no gloves)
MR       .....                  (no boots)
Stlth    ++........             (no amulet)
HPRegen  0.20/turn              h - ring of protection from cold
MPRegen  0.11/turn              l - +2 ring of intelligence

@: agile, lethally poisoned (-15 -> -22)
A: permanent stasis, dig shafts and tunnels, four strong arms, antennae 3, fangs
1, hooves 1, dopey 1, frail 1
a: Dig, Shaft Self, Renounce Religion


You were on level 4 of the Dungeon.
You worshipped Xom.
You were a toy of Xom.
You were not hungry.

You visited 1 branch of the dungeon, and saw 4 of its levels.

You collected 214 gold pieces.

Inventory:

Hand Weapons
 a - a +0 hand axe of chaos (weapon)
Armour
 b - a +3 leather armour (worn)
 v - a +2 buckler (worn)
Jewellery
 h - a ring of protection from cold (left hand)
 l - a +2 ring of intelligence (right hand)
Wands
 g - a wand of lightning (4/15)
 w - a wand of random effects (17/48)
 y - a wand of random effects (14/48)
Scrolls
 i - 6 scrolls of identify {unknown}
 j - a scroll of recharging {unknown}
 n - a scroll of immolation {unknown}
 o - a scroll of fear
 q - a scroll of amnesia {unknown}
 r - a scroll of remove curse
Potions
 e - a potion of haste
Books
 s - a book of Minor Magic

   Spells                             Type                      Level
   a - Magic Dart                     Conjuration                  1
   b - Blink                          Translocation                2
   c - Call Imp                       Summoning                    2
   d - Slow                           Hexes                        2
   e - Conjure Flame                  Conjuration/Fire             3
   f - Mephitic Cloud                 Conjuration/Poison/Air       3
Comestibles
 c - a bread ration
 d - a meat ration
 f - 2 royal jellies
 A - 2 chunks of flesh


   Skills:
 + Level 7.1 Fighting
 + Level 6.9 Axes
 - Level 2.2 Armour
 - Level 1.0 Dodging
 + Level 2.1 Shields


You had 7 spell levels left.
You didn't know any spells.

Dungeon Overview and Level Annotations

Branches:
Dungeon (4/15)
 Temple: D:4-7

Altars:
Trog
Xom

Annotations:
D:4 tehllama's ghost, amateur FoCK


Innate Abilities, Weirdness & Mutations

You cannot be hasted, slowed, berserked, paralysed or teleported.
You can dig through walls and to a lower floor.
Your four strong arms can wield two-handed weapons with a shield.
You have a pair of large antennae on your head. (SInv)
You have very sharp teeth.
You have large cloven feet.
You are dopey. (Int -2)
You are frail. (-10% HP)


Message History

Tehllama's ghost is lightly damaged.
Tehllama's ghost closely misses you.
You hit tehllama's ghost.
Space bends around tehllama's ghost.
Tehllama's ghost is heavily damaged.
You feel sick. "Serve the toy, my child!"
Tehllama's ghost hits you.
* * * LOW HITPOINT WARNING * * *
You are lethally poisoned!
* * * LOW HITPOINT WARNING * * *
You feel sick.
You closely miss tehllama's ghost. Your kick misses tehllama's ghost.
You bite tehllama's ghost, but do no damage.
Tehllama's ghost is heavily damaged.
* * * LOW HITPOINT WARNING * * *
You feel sick. Tehllama's ghost hits you.
* * * LOW HITPOINT WARNING * * *
You are electrocuted!
You die...
Xom giggles madly!

######## ###
#......##..##
########......5....#
#..##..##.....@W...+
###.............##..##
.........##.....# ..#
.######..##.....# ...#
<##..##..##..........#
......#..#...........#
......#..#...........#
.##..######.....##...#
.##..##..# .....#


You could see tehllama's ghost and a friendly white imp.

Vanquished Creatures
  Sigmund (D:4)
  A bullfrog (D:3)
  A centaur skeleton (D:3)
  An orc wizard (D:3)
  Ijyb (D:3)
  Natasha (thrice) (D:2)
  An iguana (D:4)
  Robin (D:4)
  7 adders
  3 worms (D:2)
  2 dart slugs (D:2)
  3 leopard geckos
  5 orcs (D:3)
  4 giant cockroaches
  13 goblins
  11 hobgoblins
  7 jackals
  4 ball pythons
  6 bats
  6 frilled lizards
  5 kobolds
  8 rats
94 creatures vanquished.

Vanquished Creatures (collateral kills)
  Pikel (D:4)
1 creature vanquished.

Vanquished Creatures (others)
  A hound (D:4)
  A worm (D:4)
  A hobgoblin (D:4)
3 creatures vanquished.

Grand Total: 98 creatures vanquished

Notes
Turn   | Place    | Note
-------+----------+-------------------------------------------
     0 | D:1      | ZappyNine the Formicid Chaos Knight began the quest for the Orb.
     0 | D:1      | Reached XP level 1. HP: 18/18 MP: 1/1
    94 | D:1      | Reached XP level 2. HP: 10/24 MP: 2/2
   268 | D:1      | XOM: divination: magic mapping
   442 | D:1      | Reached skill level 1 in Dodging
   539 | D:1      | Reached XP level 3. HP: 29/30 MP: 3/3
   845 | D:2      | XOM: potion effect (might)
   852 | D:2      | XOM: noise
   862 | D:2      | Noticed Natasha
   869 | D:2      | Killed Natasha
   869 | D:2      | Reached skill level 4 in Fighting
   869 | D:2      | Reached XP level 4. HP: 12/37 MP: 4/4
   950 | D:2      | XOM: silly message
   953 | D:2      | Noticed Natasha
   955 | D:2      | XOM: fake destruction
   957 | D:2      | Killed Natasha
  1038 | D:2      | Noticed Natasha
  1043 | D:2      | XOM: repel stairs
  1054 | D:2      | Killed Natasha
  1054 | D:2      | Reached XP level 5. HP: 12/43 MP: 5/5
  1055 | D:2      | XOM: torment (7/43 hp)
  1443 | D:2      | XOM: confuse monster(s)
  1465 | D:2      | XOM: scenery: 1 doors close
  1469 | D:2      | XOM: mild Necr miscast
  1595 | D:2      | XOM: cloud trail
  1805 | D:2      | Found a bloodstained altar of Trog.
  1863 | D:2      | XOM: smoke on damage
  1930 | D:2      | Reached skill level 5 in Fighting
  1939 | D:2      | Reached skill level 5 in Axes
  1994 | D:2      | Reached XP level 6. HP: 51/51 MP: 6/6
  2090 | D:3      | XOM: harmless Fire miscast
  2278 | D:3      | Noticed Ijyb
  2297 | D:3      | Killed Ijyb
  2345 | D:3      | XOM: give mutation
  2345 | D:3      | Gained mutation: You have very sharp teeth. [Xom's grace]
  2453 | D:3      | XOM: scenery: create altars
  2636 | D:3      | XOM: give mutations
  2636 | D:3      | Gained mutation: You have large cloven feet. [Xom's mischief]
  2636 | D:3      | Gained mutation: You are dopey. (Int -2) [Xom's mischief]
  2833 | D:3      | Reached XP level 7. HP: 34/57 MP: 7/7
  2908 | D:4      | Noticed Pikel
  2910 | D:4      | XOM: cleaving
  2911 | D:4      | XOM: summons friendly ufetubus
  2913 | D:4      | XOM: summons 2 friendly demons
  2915 | D:4      | Killed Pikel
  2915 | D:4      | Reached skill level 6 in Fighting
  2967 | D:4      | Noticed Robin
  2979 | D:4      | XOM: enchant monster (good)
  2980 | D:4      | Killed Robin
  3108 | D:4      | Reached XP level 8. HP: 49/65 MP: 8/8
  3117 | D:4      | XOM: give mutation
  3117 | D:4      | Gained mutation: You are frail. (-10% HP) [Xom's mischief]
  3156 | D:4      | Found a shimmering altar of Xom.
  3272 | D:4      | Noticed Sigmund
  3277 | D:4      | XOM: divination: detect creatures
  3281 | D:4      | Killed Sigmund
  3281 | D:4      | Reached skill level 7 in Fighting
  3282 | D:4      | Noticed tehllama's ghost (amateur FoCK)
  3305 | D:4      | XOM: summons friendly white imp
  3307 | D:4      | HP: 2/60 [tehllama's ghost (5)]
  3307 | D:4      | Demolished by tehllama's ghost

Vault maps used:
D:1:      sevenhm_arrival_forest_fort_large_2, serial_glass, glass_columns_a,
          glass_columns_c, glass_columns_c, glass_columns_a
D:2:      bloody_trog, st_stairs_6, uniq_natasha
D:3:      uniq_ijyb
D:4:      xom_butterflies, first_bread, minmay_misc_feat_pillars, uniq_robin,
          uniq_sigmund, uniq_pikel

Skill      XL: |  1  2  3  4  5  6  7  8 |
---------------+-------------------------+-----
Dodging        | 1 |  1.0
Fighting       | 4 5 6 7 |  7.1
Axes           | 4 5 6 |  6.9
Shields        | 2 |  2.1
Armour         | |  2.2

Action                   |  1- 3 |  4- 6 |  7- 9 || total
-------------------------+-------+-------+-------++-------
Melee: Hand axe          |    74 |   197 |    44 ||   315
       Bite              |       |     6 |     8 ||    14
       Kick              |       |     3 |    14 ||    17
 Abil: Dig               |       |     3 |       ||     3
  Use: Scroll            |     4 |       |       ||     4
       Potion            |       |     2 |     9 ||    11
 Stab: Confused          |       |     1 |       ||     1
       Paralysed         |       |     2 |     3 ||     5
  Eat: Chunk             |       |     8 |     1 ||     9
Armor: Leather armour    |    29 |    63 |    10 ||   102
       Skin              |       |       |     2 ||     2
Dodge: Dodged            |    52 |   106 |    17 ||   175
Block: Buckler           |       |       |     7 ||     7
